 Dungeon Crawl Stone Soup version 0.28-a0-851-g8b9cc49659 (webtiles) character file.

Game seed: 11989699074736359680

214 Crownlay the Chucker (level 5, -4/48 HPs)
             Began as a Troll Hunter on Nov 14, 2021.
             Killed by divine providence
             ... invoked by an orc priest
              (12 damage)
             ... on level 3 of the Dungeon.
             The game lasted 00:03:04 (2018 turns).

Crownlay the Chucker (Troll Hunter)                 Turns: 2018, Time: 00:03:05

Health: -4/48      AC:  4    Str: 33    XL:     5   Next: 59%
Magic:  4/4        EV:  9    Int:  7    God:
Gold:   152        SH:  0    Dex: 10    Spells: 4/4 levels left

rFire   . . .      SeeInvis .   i - +2 dagger (flame)
rCold   . . .      Faith    .   (no shield)
rNeg    . . .      Spirit   .   b - +0 robe
rPois   .          Reflect  .   (helmet restricted)
rElec   .          Harm     .   (no cloak)
rCorr   .          Rampage  .   (gloves unavailable)
Will    .....                   (boots unavailable)
Stlth   +.........              (no amulet)
HPRegen 1.16/turn               k - +6 ring of strength
MPRegen 0.09/turn               t - +6 ring of strength

@: no status effects
A: large, unfitting armour, claws 3, regeneration 1, shaggy fur 1, tough skin 1
a: no special abilities


You were on level 3 of the Dungeon.
You visited 1 branch of the dungeon, and saw 3 of its levels.

You collected 152 gold pieces.

Inventory:

Hand Weapons
 i - a +2 dagger of flaming (weapon)
Missiles
 c - 4 large rocks (quivered)
 d - 2 throwing nets
Armour
 b - a +0 robe (worn)
Jewellery
 a - an amulet of faith
 k - a +6 ring of strength (left claw)
 t - a +6 ring of strength (right claw)
Scrolls
 f - a scroll of enchant weapon {unknown}
 l - a scroll of immolation {unknown}
 s - a scroll of summoning {unknown}
Potions
 e - a potion of berserk rage {unknown}
 g - a potion of magic {unknown}
 h - a potion of flight {unknown}
 j - a potion of attraction {unknown}
 m - 2 potions of degeneration {unknown}
 n - 4 potions of curing
 o - a potion of mutation {unknown}
 p - 2 potions of heal wounds {unknown}
 q - a potion of resistance {unknown}
 r - a potion of might {unknown}


   Skills:
 - Level 1.5 Fighting
 * Level 6.3 Throwing
 - Level 1.5 Dodging
 - Level 0.3 Stealth


You had 4 spell levels left.
You didn't know any spells.
Your spell library was empty.

Dungeon Overview and Level Annotations

Branches:
Dungeon (3/15)

Altars:


Innate Abilities, Weirdness & Mutations

You are too large for most types of armour.
You have claws for hands.
Your natural rate of healing is unusually fast.
You are covered in fur. (AC +1)
You have tough skin. (AC +1)


Message History

The orc priest closely misses you.
You barely miss the orc priest.
The orc priest is moderately wounded.
The orc priest closely misses you.
You hit the orc priest. You burn the orc priest.
The orc priest is heavily wounded.
You hit the orc but do no damage. You hit the orc. You burn the orc.
You kill the orc!
The orc priest closely misses you.
You hit the orc priest. You burn the orc priest.
The orc priest is severely wounded.
The orc priest looks encouraged for a moment.
You barely miss the orc priest.
The orc priest is severely wounded.
The orc priest drinks a potion.
The orc priest is healed!
You hit the orc priest. You burn the orc priest.
The orc priest is heavily wounded.
The orc priest mumbles some strange prayers to Beogh against you.
Beogh smites you!
You barely miss the orc priest.
The orc priest is heavily wounded.
The orc priest hits you but does no damage.
You completely miss the orc priest.
The orc priest is heavily wounded.
The orc priest casts a cantrip, but nothing happens.
You hit the orc priest. You burn the orc priest.
The orc priest is severely wounded.
The orc priest mumbles some strange prayers to Beogh against you.
Beogh smites you!
You hit the orc priest but do no damage.
The orc priest is severely wounded.
The orc priest invokes the aid of Beogh against you.
Pain shoots through your body!
* * * LOW HITPOINT WARNING * * *
You hit the orc priest. You burn the orc priest.
The orc priest is almost dead.
The orc priest calls down the wrath of Beogh upon you.
Beogh smites you!
You die...

#...## #....## # #.....#
##### ##.....# .# ....
#######......# .# .###.#.
......[......# ..# .......
.............#...# .####.
......)@.....#...# .##
.......o.....#...#
..####.......##........#.#
#......# ###.#######.###.#
...##### #...####..###.#
..## #.......<...# #.K###
#..........## ##...##
#..........#
####o.########...<......#


You could see an orc priest.

Vanquished Creatures
  A bullfrog (D:3)
  A hound skeleton (D:3)
  5 adders (D:2)
  An adder skeleton (D:2)
  5 worms (D:2)
  2 dart slugs
  2 orcs
  5 ball pythons
  8 bats
  5 endoplasms
  7 goblins (D:1)
  4 hobgoblins
  4 jackals (D:1)
  4 quokkas
  5 frilled lizards
  9 kobolds
  2 rats
70 creatures vanquished.

Notes
Turn   | Place    | Note
-------+----------+-------------------------------------------
     0 | D:1      | Crownlay the Troll Hunter began the quest for the Orb.
     0 | D:1      | Reached XP level 1. HP: 19/19 MP: 0/0
    72 | D:1      | Reached skill level 4 in Throwing
   109 | D:1      | Reached XP level 2. HP: 26/27 MP: 1/1
   398 | D:1      | Found a faded altar of an unknown god.
   460 | D:1      | Reached XP level 3. HP: 32/33 MP: 2/2
   881 | D:2      | Reached skill level 5 in Throwing
   888 | D:2      | Reached XP level 4. HP: 22/41 MP: 3/3
  1799 | D:3      | Noticed a bullfrog
  1808 | D:3      | Killed a bullfrog
  1809 | D:3      | Reached skill level 6 in Throwing
  1809 | D:3      | Reached XP level 5. HP: 23/48 MP: 4/4
  1864 | D:3      | Noticed an ogre
  2018 | D:3      | Killed from afar by an orc priest

Illustrated notes

Levels and vault maps discovered:
D:1:      minmay_arrival_solitary_statue, layout_loops_ring,
          dreamdust_ecumenical_altar_hidden_monk_grotto, kennysheep_flooded_box
D:2:      layout_loops_ring, serial_rivers, chequers_serial_rivers_small_b,
          chequers_serial_rivers_micro_c, chequers_serial_rivers_large_a,
          chequers_serial_rivers_marsh, chequers_serial_rivers_marsh,
          chequers_serial_rivers_small_3, minmay_hexomino_f4
D:3:      layout_rooms, lemuel_zombie_altar_yredelemnul,
          worldfamousw_hep_ancestral_shrine, ebering_ghost_rock_garden

Skill      XL: |  1  2  3  4 |
---------------+-------------+-----
Throwing       | 4 5 6 |  6.3
Fighting       | |  1.5
Dodging        | |  1.5
Stealth        | |  0.3

Action                   |  1- 3 |  4- 6 || total
-------------------------+-------+-------++-------
Melee: Short sword       |    79 |       ||    79
       Dagger            |    54 |   109 ||   163
Throw: Large rock        |       |     6 ||     6
 Stab: Sleeping          |     1 |       ||     1
Armor: Robe              |    78 |    46 ||   124
Dodge: Dodged            |    92 |    48 ||   140

Table legend: (Time is in decaauts)
 A = Elapsed time spent in this place.
 B = Non-inter-level travel time spent in this place.
 C = Inter-level travel time spent in this place.
 D = Time resting spent in this place.
 E = Time spent auto-exploring this place.
 F = Levels seen in this place.
 G = Mean time per level.
                   A        B        C        D        E       F      G
               +--------+--------+--------+--------+--------+-----+--------+
         Total |   2055 |   1973 |     82 |      0 |   1419 |   3 |  685.0 |
       Dungeon |   2055 |   1973 |     82 |      0 |   1419 |   3 |  685.0 |
               +--------+--------+--------+--------+--------+-----+--------+

Top non-repeatable levels by time:
     D:2: 1001 daAuts
     D:1: 784 daAuts
     D:3: 269 daAuts
